MLB
MIAMI MARLINS @ CHICAGO WHITE SOX
07/22/2019
 
TOP OF THE 1ST
Miami Marlins batting - Pitching for Chicago White Sox : RHP Chris Flexen
Pitching: RHP Chris Flexen
Batting: LHB Kyle Tucker 0-0: Ball
1-0: Foul Ball, location: 2F
1-1: Called Strike
1-2: Foul Ball, location: 2F
1-2: Foul Ball, location: 2F
1-2: SOLO HOME RUN (Flyball, 7D, EV 98.1 MPH), Distance : 372 ft
Batting: LHB David Dahl 0-0: Fly out, F8 (Flyball, 8LM, EV 94.4 MPH)
Batting: SHB Francisco Lindor 0-0: Ball
1-0: Ground out 5-3 (Groundball, 5, EV 89.4 MPH)
Batting: RHB Javier Baez 0-0: Ball
1-0: Ball
2-0: Ball
3-0: Called Strike
3-1: Base on Balls
Batting: RHB Miguel Andujar 0-0: Ball
Javier Baez is caught stealing 2nd base 2-4
Top of the 1st over - 1 run, 1 hit, 0 errors, 0 left on base; Miami 1 - Chicago 0
BOTTOM OF THE 1ST
Chicago White Sox batting - Pitching for Miami Marlins : LHP Sean Newcomb
Pitching: LHP Sean Newcomb
Batting: RHB Justin Turner 0-0: Called Strike
0-1: Ball
1-1: SOLO HOME RUN (Flyball, 7D, EV 108.8 MPH), Distance : 365 ft
Batting: LHB Michael Brantley 0-0: Ball
1-0: Ball
2-0: SINGLE (Groundball, 4D, EV 97.5 MPH)
Batting: LHB Charlie Blackmon 0-0: Ball
1-0: Swinging Strike
1-1: Foul Ball, location: 2F
1-2: Strikes out swinging
Batting: LHB Corey Seager 0-0: Ball
1-0: Ball
2-0: Ball
3-0: Base on Balls
Michael Brantley to second
Batting: LHB Brandon Belt 0-0: Ball
1-0: Called Strike
1-1: Foul Ball, location: 2F
1-2: Ball
2-2: Ball
3-2: Base on Balls
Michael Brantley to third
Corey Seager to second
Batting: RHB Jose Trevino 0-0: Ball
1-0: Called Strike
1-1: Ball
2-1: Called Strike
2-2: Ball
3-2: Foul Ball, location: 2F
3-2: Strikes out swinging
Batting: RHB Drew Jackson 0-0: Called Strike
0-1: Foul Ball, location: 2F
0-2: Ball
1-2: Fielders Choice at 2nd, 6-4 (Groundball, 6, EV 80.6 MPH)
Bottom of the 1st over - 1 run, 2 hits, 0 errors, 3 left on base; Miami 1 - Chicago 1
TOP OF THE 2ND
Miami Marlins batting - Pitching for Chicago White Sox : RHP Chris Flexen
Batting: RHB Miguel Andujar 0-0: Called Strike
0-1: Called Strike
0-2: Foul Ball, location: 2F
0-2: Ground out 6-3 (Groundball, 6, EV 84.4 MPH)
Batting: LHB Max Kepler 0-0: Ball
1-0: Called Strike
1-1: Foul Ball, location: 2F
1-2: Ball
2-2: Ball
3-2: SOLO HOME RUN (Flyball, 89XD, EV 106.3 MPH), Distance : 389 ft
Batting: RHB C.J. Cron 0-0: Called Strike
0-1: Foul Ball, location: 2F
0-2: Ball
1-2: Foul Ball, location: 2F
1-2: DOUBLE (Line Drive, 78D, EV 108.8 MPH)
Batting: LHB Christin Stewart 0-0: Ball
1-0: SINGLE (Flyball, 7S, EV 87.5 MPH)
C.J. Cron to third
Batting: LHB Chance Sisco 0-0: Fly out, F8 (Flyball, 8RS, EV 90.0 MPH)
Batting: LHB Kyle Tucker 0-0: Called Strike
0-1: Foul Ball, location: 2F
0-2: Ball
1-2: Foul Ball, location: 2F
1-2: Ground out 4-3 (Groundball, 34, EV 88.1 MPH)
Top of the 2nd over - 1 run, 3 hits, 0 errors, 2 left on base; Miami 2 - Chicago 1
BOTTOM OF THE 2ND
Chicago White Sox batting - Pitching for Miami Marlins : LHP Sean Newcomb
Batting: LHB Marco Hernandez 0-0: Ball
1-0: Ball
2-0: Ground out U3 (Groundball, 34, EV 91.9 MPH)
Batting: LHB Zack Granite 0-0: Ball
1-0: Ball
2-0: Ball
3-0: Called Strike
3-1: SINGLE (Flyball, 78M, EV 96.9 MPH)
Batting: RHB Justin Turner 0-0: Ball
1-0: 2-RUN HOME RUN (Flyball, 89XD, EV 90.0 MPH), Distance : 377 ft
Batting: LHB Michael Brantley 0-0: Called Strike
0-1: Ball
1-1: Called Strike
1-2: Strikes out swinging
Batting: LHB Charlie Blackmon 0-0: Ball
1-0: Ground out U3 (Groundball, 3L, EV 76.9 MPH)
Bottom of the 2nd over - 2 runs, 2 hits, 0 errors, 0 left on base; Miami 2 - Chicago 3
TOP OF THE 3RD
Miami Marlins batting - Pitching for Chicago White Sox : RHP Chris Flexen
Batting: LHB David Dahl 0-0: Called Strike
0-1: Foul Ball, location: 2F
0-2: Ball
1-2: Foul Ball, location: 2F
1-2: Ball
2-2: SOLO HOME RUN (Flyball, 9LD, EV 95.0 MPH), Distance : 354 ft
Batting: SHB Francisco Lindor 0-0: Fly out, F7 (Line Drive, 7D, EV 88.8 MPH)
Batting: RHB Javier Baez 0-0: Fly out, F7 (Flyball, 7S, EV 87.5 MPH)
Batting: RHB Miguel Andujar 0-0: Called Strike
0-1: Ground out 1-3 (Groundball, 15S, EV 70.6 MPH)
Top of the 3rd over - 1 run, 1 hit, 0 errors, 0 left on base; Miami 3 - Chicago 3
BOTTOM OF THE 3RD
Chicago White Sox batting - Pitching for Miami Marlins : LHP Sean Newcomb
Batting: LHB Corey Seager 0-0: Called Strike
0-1: Called Strike
0-2: Strikes out swinging
Batting: LHB Brandon Belt 0-0: Ball
1-0: Foul Ball, location: 2F
1-1: Foul Ball, location: 2F
1-2: Ball
2-2: Foul Ball, location: 2F
2-2: Ground out U3 (Groundball, 3, EV 86.9 MPH)
Batting: RHB Jose Trevino 0-0: Called Strike
0-1: Foul Ball, location: 2F
0-2: Fly out, F7 (Line Drive, 7, EV 100.6 MPH)
Bottom of the 3rd over - 0 runs, 0 hits, 0 errors, 0 left on base; Miami 3 - Chicago 3
TOP OF THE 4TH
Miami Marlins batting - Pitching for Chicago White Sox : RHP Chris Flexen
Batting: LHB Max Kepler 0-0: Ball
1-0: Ball
2-0: Hit by Pitch
Pinch Runner at 1st Cheslor Cuthbert:
Batting: RHB C.J. Cron 0-0: Ball
1-0: Ball
2-0: Swinging Strike
2-1: Ball
3-1: Swinging Strike
3-2: SINGLE (Groundball, 6MD, EV 100.0 MPH)
Cheslor Cuthbert to second
Runner from 2nd tries for 3rd, SAFE, no throw by CF
Batting: LHB Christin Stewart 0-0: Foul Ball, location: 2F
0-1: Ball
1-1: Ball
2-1: Foul Ball, location: 2F
2-2: Ball
3-2: SINGLE (Flyball, 7LS, EV 86.9 MPH)
Cheslor Cuthbert scores
C.J. Cron to second
Batting: LHB Chance Sisco 0-0: Swinging Strike
0-1: Ball
1-1: Foul Ball, location: 2F
1-2: Strikes out swinging
Batting: LHB Kyle Tucker 0-0: Ball
1-0: Ball
2-0: Swinging Strike
2-1: Fly out, F8 (Flyball, 89XD, EV 81.3 MPH)
Runner from 2nd tags up, SAFE at 3rd, no throw by CF
Batting: LHB David Dahl 0-0: Ball
1-0: Foul Ball, location: 2F
1-1: Ball
2-1: Foul Ball, location: 2F
2-2: Foul Ball, location: 2F
2-2: Foul Ball, location: 2F
2-2: Strikes out looking
Top of the 4th over - 1 run, 2 hits, 0 errors, 2 left on base; Miami 4 - Chicago 3
BOTTOM OF THE 4TH
Chicago White Sox batting - Pitching for Miami Marlins : LHP Sean Newcomb
Now in CF: Alex Gordon
Batting: RHB Drew Jackson 0-0: Fly out, F8 (Flyball, 78M, EV 94.4 MPH)
Batting: LHB Marco Hernandez 0-0: Ball
1-0: SINGLE (Groundball, 4MD, EV 96.9 MPH)
Batting: LHB Zack Granite 0-0: Ball
1-0: Foul Ball, location: 2F
1-1: Ball
2-1: Called Strike
2-2: Foul Ball, location: 2F
2-2: Ball
3-2: Grounds into double play, 5-4-3 (Groundball, 56S, EV 78.1 MPH)
Bottom of the 4th over - 0 runs, 1 hit, 0 errors, 0 left on base; Miami 4 - Chicago 3
TOP OF THE 5TH
Miami Marlins batting - Pitching for Chicago White Sox : RHP Chris Flexen
Batting: SHB Francisco Lindor 0-0: Ball
1-0: Swinging Strike
1-1: Foul Ball, location: 2F
1-2: Foul Ball, location: 2F
1-2: Ground out 6-3 (Groundball, 56D, EV 80.6 MPH)
Batting: RHB Javier Baez 0-0: Ball
1-0: Foul Ball, location: 2F
1-1: SINGLE (Line Drive, 89M, EV 104.4 MPH)
Batting: RHB Miguel Andujar 0-0: Foul Ball, location: 2F
0-1: Swinging Strike
0-2: Strikes out swinging
Batting: LHB Alex Gordon 0-0: Ball
1-0: Swinging Strike
1-1: Called Strike
1-2: Ball
2-2: Ball
3-2: Strikes out swinging
Top of the 5th over - 0 runs, 1 hit, 0 errors, 1 left on base; Miami 4 - Chicago 3
BOTTOM OF THE 5TH
Chicago White Sox batting - Pitching for Miami Marlins : LHP Sean Newcomb
Batting: RHB Justin Turner 0-0: Ball
1-0: Ball
2-0: Ball
3-0: Base on Balls
Batting: LHB Michael Brantley 0-0: Ball
1-0: Fly out, F7 (Flyball, 7, EV 84.4 MPH)
Batting: LHB Charlie Blackmon 0-0: Ball
Wild Pitch!
Justin Turner to second
1-0: Foul Ball, location: 2F
1-1: Ball
2-1: Called Strike
2-2: Ground out 4-3 (Groundball, 4, EV 80.6 MPH)
Justin Turner to third
Batting: LHB Corey Seager 0-0: Called Strike
0-1: Ball
1-1: Ball
2-1: Ball
3-1: Called Strike
3-2: Foul Ball, location: 2F
3-2: Foul Ball, location: 2F
3-2: Foul Ball, location: 2F
3-2: Foul Ball, location: 2F
3-2: DOUBLE (Line Drive, 7LM, EV 101.3 MPH)
Justin Turner scores
Batting: LHB Brandon Belt 0-0: Ground out 4-3 (Groundball, 4, EV 100.6 MPH)
Bottom of the 5th over - 1 run, 1 hit, 0 errors, 1 left on base; Miami 4 - Chicago 4
TOP OF THE 6TH
Miami Marlins batting - Pitching for Chicago White Sox : RHP Chris Flexen
Pitching: RHP Jacob Rhame
Batting: RHB C.J. Cron 0-0: Called Strike
0-1: Ball
1-1: Foul Ball, location: 2F
1-2: Foul Ball, location: 2F
1-2: Ball
2-2: Ball
3-2: SOLO HOME RUN (Flyball, 7LD, EV 103.1 MPH), Distance : 367 ft
Batting: LHB Christin Stewart 0-0: Swinging Strike
0-1: Foul Ball, location: 2F
0-2: Strikes out looking
Batting: LHB Chance Sisco 0-0: Called Strike
0-1: Ball
1-1: Called Strike
1-2: SINGLE (Line Drive, 4MD, EV 95.0 MPH)
Pitching: LHP Anderson Severino
Batting: LHB Kyle Tucker 0-0: Ball
1-0: Ball
2-0: Called Strike
2-1: Fielders Choice at 2nd, 4-6 (Groundball, 4, EV 88.8 MPH)
Batting: LHB David Dahl 0-0: Ball
Kyle Tucker steals 2nd base
1-0: Ball
2-0: Ball
3-0: Called Strike
3-1: Foul Ball, location: 2F
3-2: Fly out, F6 (Popup, 6, EV 65.0 MPH)
Top of the 6th over - 1 run, 2 hits, 0 errors, 1 left on base; Miami 5 - Chicago 4
BOTTOM OF THE 6TH
Chicago White Sox batting - Pitching for Miami Marlins : LHP Sean Newcomb
Pitching: RHP Zach Putnam
Batting: RHB Jose Trevino 0-0: Ball
1-0: Foul Ball, location: 2F
1-1: Foul Ball, location: 2F
1-2: Foul Ball, location: 2F
1-2: Strikes out swinging
Batting: RHB Drew Jackson 0-0: Ball
1-0: Ball
2-0: Foul Ball, location: 2F
2-1: Ball
3-1: Base on Balls
Batting: LHB Marco Hernandez 0-0: Ball
1-0: Ball
Drew Jackson steals 2nd base (no throw)
2-0: Ground out U3 (Groundball, 34, EV 81.9 MPH)
Drew Jackson to third
Batting: LHB Zack Granite 0-0: Fly out, F5 (Line Drive, 5, EV 68.1 MPH)
Bottom of the 6th over - 0 runs, 0 hits, 0 errors, 1 left on base; Miami 5 - Chicago 4
TOP OF THE 7TH
Miami Marlins batting - Pitching for Chicago White Sox : LHP Anderson Severino
Pitching: RHP Trevor Gott
Batting: SHB Francisco Lindor 0-0: Ball
1-0: Ball
2-0: Swinging Strike
2-1: Foul Ball, location: 2F
2-2: Ball
3-2: Base on Balls
Batting: RHB Javier Baez 0-0: Ball
1-0: Ball
2-0: Ball
3-0: Base on Balls
Francisco Lindor to second
Pitching: LHP Blake Weiman
Batting: RHB Miguel Andujar 0-0: Fly out, F8 (Flyball, 78M, EV 90.6 MPH)
Batting: LHB Alex Gordon 0-0: Called Strike
0-1: Swinging Strike
0-2: Ball
1-2: Ball
2-2: Foul Ball, location: 2F
2-2: Foul Ball, location: 2F
2-2: Ball
3-2: Foul Ball, location: 2F
3-2: Strikes out swinging
Batting: RHB C.J. Cron 0-0: Called Strike
0-1: Called Strike
0-2: Foul Ball, location: 2F
0-2: Ball
1-2: Foul Ball, location: 2F
1-2: Strikes out swinging
Top of the 7th over - 0 runs, 0 hits, 0 errors, 2 left on base; Miami 5 - Chicago 4
BOTTOM OF THE 7TH
Chicago White Sox batting - Pitching for Miami Marlins : RHP Zach Putnam
Pitching: RHP Dan Winkler
Batting: RHB Justin Turner 0-0: Ball
1-0: TRIPLE (Flyball, 78XD, EV 101.3 MPH)
Batting: LHB Michael Brantley 0-0: Called Strike
0-1: Ball
1-1: Foul Ball, location: 2F
1-2: Strikes out swinging
Batting: LHB Charlie Blackmon 0-0: Ball
1-0: Foul Ball, location: 2F
1-1: Called Strike
1-2: SINGLE (Groundball, 6M, EV 103.8 MPH)
Justin Turner scores
Pitching: RHP John Axford
Batting: LHB Corey Seager 0-0: Called Strike
0-1: Called Strike
0-2: SINGLE (Line Drive, 8LS, EV 105.0 MPH)
Charlie Blackmon to second
Batting: LHB Brandon Belt 0-0: Called Strike
0-1: Ball
1-1: Foul Ball, location: 2F
1-2: Foul Ball, location: 2F
1-2: Ball
2-2: Strikes out looking
Batting: RHB Jose Trevino 0-0: Ball
1-0: Called Strike
1-1: Foul Ball, location: 2F
1-2: Ball
2-2: Ball
3-2: Strikes out swinging
Bottom of the 7th over - 1 run, 3 hits, 0 errors, 2 left on base; Miami 5 - Chicago 5
TOP OF THE 8TH
Miami Marlins batting - Pitching for Chicago White Sox : LHP Blake Weiman
Pitching: LHP Brian Clark
Batting: LHB Christin Stewart 0-0: Called Strike
0-1: Foul Ball, location: 2F
0-2: Ball
1-2: Foul Ball, location: 2F
1-2: Strikes out swinging, 2-3 out at first.
Batting: LHB Chance Sisco 0-0: Foul Ball, location: 2F
0-1: Fly out, F6 (Flyball, 56D, EV 88.8 MPH)
Batting: LHB Kyle Tucker 0-0: Ball
1-0: Foul Ball, location: 2F
1-1: Ball
2-1: SINGLE (Flyball, 89M, EV 91.9 MPH)
Batting: LHB David Dahl 0-0: Foul Ball, location: 2F
0-1: Ball
1-1: Fielders Choice at 2nd, 6-4 (Groundball, 6, EV 76.3 MPH)
Top of the 8th over - 0 runs, 1 hit, 0 errors, 1 left on base; Miami 5 - Chicago 5
BOTTOM OF THE 8TH
Chicago White Sox batting - Pitching for Miami Marlins : RHP John Axford
Pitching: RHP Jordan Hicks
Batting: RHB Drew Jackson 0-0: SINGLE (Groundball, 56, EV 89.4 MPH) (infield hit)
Batting: LHB Marco Hernandez 0-0: Ball
1-0: Called Strike
1-1: DOUBLE (Line Drive, 78D, EV 100.6 MPH)
Drew Jackson to third
Batting: LHB Zack Granite 0-0: SINGLE (Groundball, 56, EV 89.4 MPH) (infield hit)
Drew Jackson scores
Marco Hernandez to third
Batting: RHB Justin Turner 0-0: Ball
1-0: Ball
2-0: Ball
3-0: Called Strike
3-1: Base on Balls
Zack Granite to second
Batting: LHB Michael Brantley 0-0: Called Strike
0-1: Grounds into fielders choice 1-2 (Groundball, 13, EV 65.0 MPH)
Zack Granite to third
Justin Turner to second
Batting: LHB Charlie Blackmon 0-0: Grounds into fielders choice 3-2 (Groundball, 3, EV 90.0 MPH)
Justin Turner to third
Michael Brantley to second
Batting: LHB Corey Seager 0-0: Foul Ball, location: 2F
0-1: Ball
1-1: Ball
2-1: Foul Ball, location: 2F
2-2: Foul Ball, location: 2F
2-2: Foul Ball, location: 2F
2-2: Ball
3-2: Base on Balls
Justin Turner scores
Michael Brantley to third
Charlie Blackmon to second
Batting: LHB Brandon Belt 0-0: Called Strike
0-1: Foul Ball, location: 2F
0-2: Strikes out looking
Bottom of the 8th over - 2 runs, 3 hits, 0 errors, 3 left on base; Miami 5 - Chicago 7
TOP OF THE 9TH
Miami Marlins batting - Pitching for Chicago White Sox : LHP Brian Clark
Pitching: LHP Jose Alvarado
Batting: SHB Francisco Lindor 0-0: Ball
1-0: Called Strike
1-1: Foul Ball, location: 2F
1-2: Ball
2-2: Strikes out swinging
Batting: RHB Javier Baez 0-0: Ball
1-0: Ball
2-0: Ball
3-0: Base on Balls
Batting: RHB Miguel Andujar 0-0: Called Strike
0-1: Ball
1-1: Ball
2-1: Called Strike
2-2: Strikes out swinging
Batting: LHB Alex Gordon 0-0: Ball
1-0: Ball
2-0: Ball
3-0: Base on Balls
Javier Baez to second
Batting: RHB C.J. Cron 0-0: Ball
1-0: Called Strike
1-1: Called Strike
1-2: Ground out 5-3 (Groundball, 56S, EV 69.4 MPH)
Top of the 9th over - 0 runs, 0 hits, 0 errors, 2 left on base; Miami 5 - Chicago 7
Saturday, October 26th, 2019 - OOTP Baseball 20.6 Build 55